 Dungeon Crawl Stone Soup version 0.23.1 (webtiles) character file.

Game seed: 348687834367505423

11908 Lauz the Severer (level 11, -6/102 HPs)
             Began as a Minotaur Berserker on Mar 2, 2019.
             Was a High Priest of Trog.
             Mangled by a death knight
             ... wielding a +3 morningstar
              (12 damage)
             ... on level 13 of the Dungeon.
             The game lasted 00:32:35 (13812 turns).

Lauz the Severer (Minotaur Berserker)              Turns: 13812, Time: 00:32:35

Health: -6/102     AC: 15    Str: 24    XL:     11   Next: 55%
Magic:  10/10      EV: 11    Int:  4    God:    Trog [*****.]
Gold:   0          SH:  0    Dex: 15    Spells: 10/10 levels left

rFire    + + .     SeeInvis .   b - +0 war axe
rCold    + . .     Gourm    .   (no shield)
rNeg     . . .     Faith    .   r - +0 plate armour
rPois    +         Spirit   .   D - +0 hat
rElec    +         Reflect  .   (no cloak)
rCorr    +         Harm     .   (no gloves)
MR       .....                  w - +0 pair of boots
Stlth    ..........             (no amulet)
HPRegen  0.27/turn              f - ring of protection from fire
MPRegen  0.12/turn              C - +4 ring of dexterity

@: about to teleport, resistant, berserk cooldown, slowed, very slow
A: retaliatory headbutt, horns 2
a: Berserk, Trog's Hand, Brothers in Arms, Renounce Religion


You were on level 13 of the Dungeon.
You worshipped Trog.
Trog was extremely pleased with you.
You were hungry.

You visited 1 branch of the dungeon, and saw 12 of its levels.

Inventory:

Hand Weapons
 b - a +0 war axe (weapon)
 M - a cursed +4 hand axe
 N - a +2 arbalest of flaming
Armour
 o - a +0 ring mail
 r - a +0 plate armour (worn)
 w - a +0 pair of boots (worn)
 D - a +0 hat (worn)
Jewellery
 f - a ring of protection from fire (left hand)
 s - an uncursed ring of resist corrosion
 x - an uncursed ring of protection from magic
 A - an uncursed amulet of rage
 C - a +4 ring of dexterity (right hand)
 H - a +4 ring of dexterity
 S - a -4 ring of protection
Wands
 B - a wand of paralysis (8)
 E - a wand of digging (7)
 F - a wand of flame (22)
 O - a wand of iceblast (9)
 Q - a wand of scattershot (4)
 R - a wand of random effects (25)
Scrolls
 d - 5 scrolls of enchant armour {unknown}
 e - a scroll of noise {unknown}
 g - 3 scrolls of enchant weapon {unknown}
 i - 2 scrolls of magic mapping {unknown}
 j - 10 scrolls of identify
 m - 7 scrolls of remove curse
 n - 7 scrolls of teleportation
 u - a scroll of immolation {unknown}
 v - a scroll of fog {unknown}
 y - a scroll of random uselessness {unknown}
 J - a scroll of acquirement {unknown}
 L - 2 scrolls of amnesia {unknown}
 P - a scroll of vulnerability {unknown}
 T - a scroll of fear {unknown}
Potions
 h - a potion of mutation {unknown}
 k - 7 potions of curing {unknown}
 l - 5 potions of flight {unknown}
 p - 2 potions of ambrosia {unknown}
 t - a potion of might {unknown}
 z - a potion of berserk rage {unknown}
 G - 2 potions of invisibility {unknown}
 I - a potion of haste {unknown}
Comestibles
 a - 6 chunks of flesh
 c - 22 rations


   Skills:
 + Level 11.0 Fighting
 + Level 15.0 Axes
 + Level 9.5 Armour
 + Level 7.6 Dodging


You had 10 spell levels left.
You didn't know any spells.
Your spell library was empty.

Dungeon Overview and Level Annotations

Branches:
Dungeon (11/15)            Temple (0/1) D:6            Lair (0/6) D:8
    Orc (0/2) D:11

Altars:
Cheibriados
Fedhas
Nemelex Xobeh
Sif Muna
Uskayaw
Wu Jian
Xom
Zin

Shops:
D:10 :?!}!

Annotations:
D:11 Maurice


Innate Abilities, Weirdness & Mutations

You reflexively headbutt those who attack you in melee.
You have a pair of horns on your head.


Message History

The sentinel's mark upon you fades away.
You see here a hound corpse.
Unknown command.
You butcher the hound corpse.
a - 6 chunks of flesh (gained 2)
You see here a hound skeleton.
A death knight, a freezing wraith and a skeletal warrior come into view.
The death knight shouts!
The death knight calls down the wrath of Yredelemnul upon you.
Your body is wracked with pain!
* * * LOW HITPOINT WARNING * * *
The skeletal warrior moves out of view.
There is an open door here.
You feel protected.
As you read the scroll of teleportation, it crumbles to dust.
You feel strangely unstable.
A freezing wraith comes into view.
A vampire comes into view.
The death knight hits you with a +3 morningstar!
You die...

.. ......
...#########......
..<...............
......)..........
......)..).......
......).....######
............#....#
......#####รท#....#
..$...#...#.#@...#
......#...#.p....#
..... #...#W#....#
..... #..z'.#....#
###+#..W#>#....#
.......V#.###+##
(.......#..
####....#..........
+....#..........#


You could see a death knight, a skeletal warrior, 2 freezing wraiths and a
vampire.

Vanquished Creatures
  The ghost of DungeonDestroyer the Cleaver, a novice MiFi of Okawaru (D:5)
  A queen bee (D:8)
  2 trolls
  A hornet (D:8)
  4 hippogriffs
  Sigmund (D:3)
  2 wyverns
  2 vampires
  A yak (D:11)
  Eustachio (D:5)
  2 hungry ghosts
  An acid dragon (D:13)
  A water moccasin (D:7)
  5 orc warriors
  A phantom (D:8)
  5 ice beasts
  A sky beast (D:7)
  10 ogres
  An eye of draining (D:9)
  4 wolves
  10 centaurs
  Blork the orc (D:5)
  A gnoll sergeant (D:11)
  8 bullfrogs
  A wyvern zombie (D:8)
  3 scorpions
  A wyvern skeleton (D:8)
  22 killer bees
  4 wights (D:8)
  6 howler monkeys
  4 electric eels
  5 centaur zombies
  3 crimson imps
  4 quasits (D:5)
  A wyvern simulacrum (D:11)
  12 hounds
  12 orc priests
  2 jellies
  A bullfrog skeleton (D:11)
  3 iguanas (D:8)
  6 orc wizards
  A centaur skeleton (D:5)
  Natasha (thrice) (D:2)
  4 worker ants
  A killer bee zombie (D:10)
  3 hound zombies
  2 howler monkey skeletons
  10 adders
  12 gnolls
  A hound simulacrum (D:11)
  4 shadow imps
  2 white imps (D:11)
  2 oozes
  2 adder skeletons
  An adder zombie (D:7)
  4 worms
  8 leopard geckos
  41 orcs
  5 giant cockroaches
  5 goblins
  13 hobgoblins
  12 jackals
  11 kobolds
  6 quokkas
  3 ball pythons
  3 bats (D:1)
  14 frilled lizards
  A leopard gecko skeleton (D:7)
  A leopard gecko zombie (D:6)
  2 quokka skeletons
  12 rats
346 creatures vanquished.

Vanquished Creatures (collateral kills)
  A gnoll (D:6)
  An adder (D:6)
  A leopard gecko (D:6)
  A jackal (D:6)
4 creatures vanquished.

Grand Total: 350 creatures vanquished

Notes
Turn   | Place    | Note
-------+----------+-------------------------------------------
     0 | D:1      | Lauz the Minotaur Berserker began the quest for the Orb.
     0 | D:1      | Reached XP level 1. HP: 19/19 MP: 0/0
   284 | D:1      | Reached skill level 4 in Axes
   284 | D:1      | Reached XP level 2. HP: 27/27 MP: 1/1
   579 | D:1      | Reached XP level 3. HP: 27/33 MP: 2/2
   725 | D:1      | Reached ** piety under Trog
  1362 | D:2      | Noticed Natasha
  1365 | D:2      | Killed Natasha
  1365 | D:2      | Reached XP level 4. HP: 41/41 MP: 3/3
  1407 | D:2      | Noticed Natasha
  1425 | D:2      | Killed Natasha
  1425 | D:2      | Reached skill level 5 in Axes
  1484 | D:2      | Noticed Natasha
  1498 | D:2      | Killed Natasha
  1498 | D:2      | Reached skill level 5 in Fighting
  1741 | D:2      | Found a deep blue altar of Sif Muna.
  1799 | D:2      | Reached XP level 5. HP: 48/48 MP: 4/4
  2218 | D:3      | Noticed Sigmund
  2565 | D:3      | Reached *** piety under Trog
  2614 | D:3      | Killed Sigmund
  2614 | D:3      | Reached skill level 6 in Axes
  2614 | D:3      | Reached XP level 6. HP: 56/56 MP: 5/5
  2828 | D:3      | Found an ornate altar of the Wu Jian Council.
  3011 | D:4      | Reached skill level 7 in Axes
  3527 | D:4      | Reached XP level 7. HP: 61/61 MP: 6/6
  3757 | D:5      | Entered Level 5 of the Dungeon
  3831 | D:5      | Found a transporter.
  3845 | D:5      | Noticed DungeonDestroyer's ghost (novice MiFi)
  3968 | D:5      | Noticed Eustachio
  3976 | D:5      | Found a transporter.
  3979 | D:5      | Killed Eustachio
  3979 | D:5      | Reached skill level 8 in Axes
  4038 | D:5      | Reached **** piety under Trog
  4043 | D:5      | Killed DungeonDestroyer's ghost
  4043 | D:5      | Reached skill level 9 in Axes
  4043 | D:5      | Reached skill level 5 in Armour
  4043 | D:5      | Reached XP level 8. HP: 71/71 MP: 7/7
  4579 | D:6      | Reached skill level 10 in Axes
  5004 | D:6      | Found a snail-covered altar of Cheibriados.
  5022 | D:6      | Found a staircase to the Ecumenical Temple.
  5227 | D:6      | Reached skill level 5 in Dodging
  5227 | D:6      | Reached XP level 9. HP: 80/80 MP: 8/8
  5692 | D:5      | Noticed Blork the orc
  5702 | D:5      | Killed Blork the orc
  6170 | D:6      | Reached skill level 11 in Axes
  7583 | D:8      | Reached skill level 12 in Axes
  7653 | D:8      | Reached XP level 10. HP: 41/90 MP: 9/9
  7677 | D:8      | HP: 4/91 [poisoned by a hornet]
  7682 | D:8      | HP: 4/91 [poisoned by a hornet]
  7688 | D:8      | HP: 4/91 [poisoned by a hornet]
  7990 | D:8      | HP: 3/91 [electric eel/bolt of electricity (8)]
  8581 | D:8      | Found a staircase to the Lair.
  8820 | D:8      | Reached ***** piety under Trog
  9321 | D:8      | Reached skill level 13 in Axes
 10469 | D:9      | Found a blossoming altar of Fedhas.
 10469 | D:9      | Found a sparkling altar of Nemelex Xobeh.
 10706 | D:9      | Reached skill level 10 in Fighting
 10898 | D:9      | Found a deep blue altar of Sif Muna.
 10996 | D:9      | Received a gift from Trog
 11107 | D:9      | Reached skill level 14 in Axes
 11107 | D:9      | Reached XP level 11. HP: 91/99 MP: 10/10
 11461 | D:9      | Found a hide-covered altar of Uskayaw.
 11463 | D:9      | Found a shimmering altar of Xom.
 11465 | D:9      | Found a glowing silver altar of Zin.
 11638 | D:10     | Entered Level 10 of the Dungeon
 11658 | D:10     | Found Ril Ruhi's Distillery.
 11706 | D:10     | Found Vilol's Magic Scroll Shop.
 11796 | D:10     | Found Zoturizuav's Book Shoppe.
 11985 | D:10     | Found Sogeathre's Gadget Boutique.
 11995 | D:10     | Found Affa's Distillery.
 12221 | D:11     | Found a staircase to the Orcish Mines.
 12285 | D:11     | Noticed Maurice
 13494 | D:11     | Identified the ring "Nento" {rElec AC+4}
 13623 | D:11     | You fall through a shaft for 2 floors!
 13802 | D:13     | Reached skill level 15 in Axes
 13809 | D:13     | Noticed a death knight
 13809 | D:13     | Noticed a skeletal warrior
 13809 | D:13     | HP: 5/102 [??? (3)]
 13812 | D:13     | Mangled by a death knight

Skill      XL: |  1  2  3  4  5  6  7  8  9 10 11 |
---------------+----------------------------------+-----
Fighting       | 4 5 6 7 8 10 11 | 11.0
Axes           | 4 5 6 7 9 10 12 14 15 | 15.0
Dodging        | 3 4 5 7 |  7.6
Armour         | 3 5 6 7 8 9 |  9.5

Action                   |  1- 3 |  4- 6 |  7- 9 | 10-12 || total
-------------------------+-------+-------+-------+-------++-------
Melee: Hand axe          |    81 |   114 |       |       ||   195
       Headbutt          |    13 |    20 |    50 |   109 ||   192
       War axe           |       |    24 |   275 |   428 ||   727
Invok: Berserk           |       |     2 |     3 |     6 ||    11
       Brothers in Arms  |       |       |     1 |       ||     1
       Trog's Hand       |       |       |       |     1 ||     1
Evoke: Wand              |       |       |     1 |       ||     1
  Use: Scroll            |       |       |     3 |     6 ||     9
       Potion            |       |       |     1 |     1 ||     2
 Stab: Paralysed         |       |       |     4 |       ||     4
       Distracted        |       |       |       |     1 ||     1
  Eat: Chunk             |     1 |     8 |    14 |    15 ||    38
       Ration            |       |       |     1 |     4 ||     5
Armor: Animal skin       |    11 |     7 |       |       ||    18
       Ring mail         |       |    21 |    89 |    93 ||   203
       Plate armour      |       |       |       |    66 ||    66
Dodge: Dodged            |    46 |    80 |   164 |   298 ||   588
